 Dungeon Crawl Stone Soup version 0.26-a0-1222-g14533b3512 (webtiles) character file.

Game seed: 11248013788361931754

910 Kaver the Digger (level 8, 0/43 HPs)
             Began as a Gargoyle Earth Elementalist on Dec 31, 2020.
             Killed from afar by an orc wizard (10 damage)
             ... with a magic dart
             ... on level 4 of the Dungeon.
             The game lasted 00:10:51 (5056 turns).

Kaver the Digger (Gargoyle Earth Elementalist)      Turns: 5056, Time: 00:10:52

Health: 0/43       AC:  8    Str: 11    XL:     8   Next: 8%
Magic:  15/15      EV: 12    Int: 19    God:
Gold:   362        SH:  0    Dex: 10    Spells: 8/17 levels left

rFire    . . .     SeeInvis .   e - +1 falchion (holy)
rCold    . . .     Faith    .   (no shield)
rNeg     + . .     Spirit   .   c - +1 robe
rPois    ∞         Reflect  .   (no helmet)
rElec    +         Harm     .   (no cloak)
rCorr    +         Rampage  .   (no gloves)
Will     .....                  (no boots)
Stlth    ++........             (no amulet)
HPRegen  0.14/turn              o - ring of resist corrosion
MPRegen  0.14/turn              (no ring)

@: no status effects
A: negative energy resistance 1, electricity resistance, unbreathing,
petrification resistance, miasma immunity, AC +5
a: no special abilities


You were on level 4 of the Dungeon.
You visited 1 branch of the dungeon, and saw 4 of its levels.
You also visited: Ossuary.

You collected 362 gold pieces.

Inventory:

Hand Weapons
 e - a +1 falchion of holy wrath (weapon)
 p - a +0 morningstar
 q - a +0 flail
Missiles
 b - 105 stones (quivered)
Armour
 c - a +1 robe (worn)
Jewellery
 o - a ring of resist corrosion (left hand)
Scrolls
 j - 2 scrolls of remove curse
 k - 2 scrolls of blinking
 l - 2 scrolls of fog
Potions
 a - a potion of heal wounds
 d - 2 potions of attraction
 f - 2 potions of flight
 g - a potion of magic
 h - a potion of haste
 i - 2 potions of cancellation
 m - a potion of lignification {unknown}
 n - a potion of invisibility {unknown}
 r - a potion of curing


   Skills:
 + Level 1.1 Fighting
 + Level 1.1 Maces & Flails
 + Level 1.2 Armour
 + Level 1.9 Dodging
 - Level 2.1 Stealth
 + Level 5.0 Spellcasting
 + Level 4.7 Conjurations
 - Level 0.7 Transmutations
 + Level 7.0 Earth Magic


You had 8 spell levels left.
You knew the following spells:

 Your Spells              Type           Power        Failure   Level
a - Sandblast             Erth           62%          1%          1
b - Stone Arrow           Conj/Erth      54%          3%          3
c - Lee's Rapid Deconstr  Erth           15%          19%         5

Your spell library contained the following spells:

 Spells                   Type           Power        Failure   Level
 Passwall                 Tmut/Erth      15%          3%          2
 Petrify                  Tmut/Erth      19%          26%         4


Dungeon Overview and Level Annotations

Branches:
Dungeon (4/15)            Ossuary (visited)
 Temple: D:4-7

Altars:


Innate Abilities, Weirdness & Mutations

You are resistant to torment.
Your stone body is resilient. (AC +5)
You are immune to poison.
You resist negative energy. (rN+)
You are resistant to electric shocks. (rElec)
You can survive without breathing.
You are immune to petrification.
You are immune to miasma.


Message History

Something tries to affect you, but you resist.
The orc misses you.
You hear some strange, mumbled words.
Something tries to affect you, but you resist.
You miss something. The orc hits you with a +0 mace.
You hear some strange, mumbled words.
A puff of flame appears from out of thin air!
The puff of flame hits you.
You miss something. The orc hits you with a +0 mace. Something hits you.
* * * LOW HITPOINT WARNING * * *
The orc barely misses you.
You hit something. Something completely misses you.
The orc hits you with a +0 mace.
* * * LOW HITPOINT WARNING * * *
Something hits you but does no damage.
You miss something.
You hear some strange, mumbled words.
A magic dart appears from out of thin air!
The magic dart hits you!
You die...

#...+...............
#...#...............#
##..#...............#
##..#...............#
....#...............#
....#...............#
....#...)...........#
#####..........o....#
. ............{@...#
. ..................#
............).......#
....................#
. ..................#
. .#####..........# .
+..........#
#.(........#
#..).......#


You could see an orc.

Vanquished Creatures
  Sigmund (D:2)
  2 elf zombies (Ossuary)
  2 orc priests (D:4)
  A hound (D:4)
  7 orc wizards (D:4)
  An iguana (D:4)
  4 big kobold zombies (Ossuary)
  A hound zombie (Ossuary)
  4 mummies (Ossuary)
  7 adders
  2 worms
  4 leopard geckos
  15 orcs
  2 giant cockroaches
  2 gnoll zombies (Ossuary)
  9 hobgoblins
  9 kobolds
  4 quokkas
  2 ball pythons
  10 bats
  6 frilled lizards
  12 goblins
  A goblin zombie (Ossuary)
  A jackal zombie (Ossuary)
  An orc zombie (Ossuary)
  14 rats
124 creatures vanquished.

Notes
Turn   | Place    | Note
-------+----------+-------------------------------------------
     0 | D:1      | Kaver the Gargoyle Earth Elementalist began the quest for
                  | the Orb.
     0 | D:1      | Reached XP level 1. HP: 10/10 MP: 3/3
   368 | D:1      | Reached XP level 2. HP: 10/15 MP: 5/5
   385 | D:1      | Reached skill level 4 in Earth Magic
  1017 | D:1      | Reached XP level 3. HP: 16/19 MP: 6/6
  1224 | D:1      | Learned a level 3 spell: Stone Arrow
  1634 | D:2      | You fall into a shaft and drop 2 floors!
  1649 | D:4      | Reached skill level 1 in Conjurations
  1649 | D:4      | Reached XP level 4. HP: 24/24 MP: 3/8
  1747 | D:4      | Found a sand-covered staircase.
  1756 | Ossuary  | Entered an ossuary
  1778 | Ossuary  | Reached skill level 5 in Earth Magic
  1778 | Ossuary  | Reached XP level 5. HP: 14/28 MP: 2/10
  1866 | Ossuary  | Reached XP level 6. HP: 30/32 MP: 1/11
  2526 | D:3      | Reached skill level 6 in Earth Magic
  2551 | D:2      | Learned a level 5 spell: Lee's Rapid Deconstruction
  3249 | D:2      | Noticed Sigmund
  3264 | D:2      | Killed Sigmund
  3265 | D:2      | Reached XP level 7. HP: 15/36 MP: 7/13
  4574 | D:4      | Reached skill level 1 in Armour
  4574 | D:4      | Reached XP level 8. HP: 30/42 MP: 3/15
  4584 | D:4      | Reached skill level 7 in Earth Magic
  4589 | D:4      | Reached skill level 1 in Fighting
  4589 | D:4      | Reached skill level 1 in Maces & Flails
  5018 | D:4      | Reached skill level 5 in Spellcasting
  5056 | D:4      | Killed from afar by an orc wizard

Illustrated notes

Levels and vault maps discovered:
D:1:      zelgadis_glass_arrival_small, layout_rooms, minmay_misc_feat_roman,
          hangedman_decor_diamond_cutter
D:2:      minmay_evil_eye, layout_basic, minmay_misc_feat_square, uniq_sigmund
D:3:      layout_rooms, wad_floor_pattern_untrapped
D:4:      layout_gridville, nicolae_ossuary_entry_ruins

Skill      XL: |  1  2  3  4  5  6  7  8 |
---------------+-------------------------+-----
Earth Magic    | 4 5 6 7 |  7.0
Spellcasting   | 3 4 5 |  5.0
Conjurations   | 1 2 4 |  4.7
Armour         | 1 |  1.2
Fighting       | 1 |  1.1
Maces & Flails | 1 |  1.1
Dodging        | |  1.9
Stealth        | |  2.1
Transmutations | |  0.7

Action                   |  1- 3 |  4- 6 |  7- 9 || total
-------------------------+-------+-------+-------++-------
Melee: Short sword       |   117 |       |       ||   117
       Falchion          |       |   162 |   170 ||   332
 Cast: Sandblast         |    16 |    41 |    16 ||    73
       Stone Arrow       |       |       |     2 ||     2
       Lee's Rapid Decon |       |       |     2 ||     2
  Use: Scroll            |       |    11 |     2 ||    13
       Potion            |       |     3 |       ||     3
 Stab: Sleeping          |     3 |     1 |     1 ||     5
       Distracted        |     1 |       |       ||     1
Armor: Robe              |    48 |   115 |    93 ||   256
Dodge: Dodged            |   102 |   179 |   165 ||   446
       Rpst.: Falchion   |       |    55 |    45 ||   100

Table legend: (Time is in decaauts)
 A = Elapsed time spent in this place.
 B = Non-inter-level travel time spent in this place.
 C = Inter-level travel time spent in this place.
 D = Time resting spent in this place.
 E = Time spent auto-exploring this place.
 F = Levels seen in this place.
 G = Mean time per level.
                   A        B        C        D        E       F      G
               +--------+--------+--------+--------+--------+-----+--------+
         Total |   5166 |   5068 |     98 |    917 |   2910 |   5 | 1033.2 |
       Dungeon |   4485 |   4387 |     98 |    669 |   2800 |   4 | 1121.2 |
       Ossuary |    681 |    681 |      0 |    248 |    110 |   1 |  681.0 |
               +--------+--------+--------+--------+--------+-----+--------+

Top non-repeatable levels by time:
     D:2: 1699 daAuts
     D:1: 1339 daAuts
     D:4: 780 daAuts
 Ossuary: 681 daAuts
     D:3: 665 daAuts
